 Dungeon Crawl Stone Soup version 0.25-a0-458-g6fc7858b95 (webtiles) character file.

Game seed: 12902366650212833431, levelgen mode: deterministic

3693 Gargoyl the Chopper (level 9, 0/74 HPs)
             Began as a Centaur Abyssal Knight on Feb 1, 2020.
             Was a High Priest of Lugonu.
             Killed from afar by an electric eel (12 damage)
             ... with a bolt of electricity
             ... on level 8 of the Dungeon.
             The game lasted 00:12:12 (8761 turns).

Gargoyl the Chopper (Centaur Abyssal Knight)        Turns: 8761, Time: 00:12:12

Health: 0/74       AC: 14    Str: 17    XL:     9   Next: 90%
Magic:  13/13      EV:  0    Int: 11    God:    Lugonu [*****.]
Gold:   446        SH: 14    Dex: 15    Spells: 8/8 levels left

rFire    + . .     SeeInvis .   t - +3 war axe (vamp)
rCold    . . .     Gourm    .   C - +2 large shield {rF+}
rNeg     + . .     Faith    .   y - +0 plate armour
rPois    .         Spirit   .   h - +0 helmet
rElec    .         Reflect  .   (no cloak)
rCorr    .         Harm     .   r - +1 pair of gloves
MR       .....                  (no barding)
Stlth    ..........             m - amulet of rage
HPRegen  0.22/turn              n - +5 ring of dexterity
MPRegen  0.13/turn              e - ring of positive energy

@: very quick
A: large, hooves 3, deformed body, speed 2, tough skin 3
a: Depart the Abyss, Bend Space, Banish, Corrupt, Enter the Abyss, Renounce
Religion, Evoke Berserk Rage


You were on level 8 of the Dungeon.
You worshipped Lugonu.
Lugonu was extremely pleased with you.
You were near starving.

You visited 1 branch of the dungeon, and saw 8 of its levels.
You visited the Abyss 1 time.

You collected 446 gold pieces.

Inventory:

Hand Weapons
 a - a +2 hand axe
 t - a +3 vampiric war axe (weapon)
Armour
 h - a +0 helmet (worn)
 r - a +1 pair of gloves (worn)
 y - a +0 plate armour (worn)
 C - a +2 large shield of fire resistance (worn)
Jewellery
 e - a ring of positive energy (right hand)
 m - an amulet of rage (around neck)
 n - a +5 ring of dexterity (left hand)
 q - an uncursed ring of flight
 w - an uncursed ring of see invisible
 z - an uncursed ring of protection from magic {unknown}
Wands
 d - a wand of disintegration (11)
Scrolls
 b - 5 scrolls of teleportation
 l - 3 scrolls of remove curse
 o - 3 scrolls of identify
 s - 5 scrolls of blinking
 v - a scroll of fog
 A - a scroll of magic mapping
Potions
 g - a potion of invisibility {unknown}
 i - a potion of haste {unknown}
 j - 3 potions of degeneration {unknown}
 k - a potion of curing
 p - a potion of resistance {unknown}
 x - a potion of heal wounds {unknown}
 B - a potion of magic {unknown}
Comestibles
 c - 15 rations


   Skills:
 + Level 5.4 Fighting
 + Level 7.5 Axes
 * Level 5.6 Armour
 * Level 4.1 Dodging
 + Level 1.0 Shields
 * Level 6.5 Invocations
 + Level 0.3 Evocations


You had 8 spell levels left.
You didn't know any spells.
Your spell library contained the following spells:

 Spells                   Type           Power        Failure   Level  Hunger
 Freeze                   Ice            #...         100%        1    ##.....
 Ozocubu's Armour         Chrm/Ice       #.......     100%        3    ####...
 Hailstorm                Conj/Ice       #.......     100%        4    #####..
 Summon Ice Beast         Ice/Summ       #.......     100%        4    #####..


Dungeon Overview and Level Annotations

Branches:
Dungeon (8/15)             Temple (0/1) D:4
   Lair: D:8-11

Altars:
Ashenzari
Cheibriados
Dithmenos
Elyvilon
Gozag
Hepliaklqana
Kikubaaqudgha
Nemelex Xobeh
Qazlal
Sif Muna
Trog
Uskayaw
Vehumet
Xom
Yredelemnul

Shops:
D:4 (


Innate Abilities, Weirdness & Mutations

You have hooves in place of feet.
Armour fits poorly on your strangely shaped body.
You cover ground very quickly.
You have extremely tough skin. (AC +3)


Message History

The electric eel shoots out a bolt of lightning at you!
The bolt of electricity hits the electric eel.
The electric eel completely resists.
The bolt of electricity hits you.
There is a stone staircase leading up here.
The electric eel shoots out a bolt of lightning at you!
The bolt of electricity hits you!
Found a potion of agility.
There is a stone staircase leading up here.
A jelly comes into view.
The jelly quivers.
The electric eel shoots out a bolt of lightning at you!
The bolt of electricity hits you! x2
* * * LOW HITPOINT WARNING * * *
The electric eel shoots out a bolt of lightning at you!
The bolt of electricity hits the electric eel.
The electric eel completely resists.
The bolt of electricity hits you!
* * * LOW HITPOINT WARNING * * *
The electric eel shoots out a bolt of lightning at you!
The bolt of electricity hits you!
You die...

≈≈.......#.##.....#.........
≈≈.≈≈≈≈≈.#. ###'##..........
≈≈.≈;≈≈≈.. #.. .. ....).#
≈≈.≈≈;≈≈.### #### ##......#
≈≈.≈≈≈≈≈...#... .. #.....
.........#.#.###.# ....
#..#...#<........# ..
#!#.###.##.##.#. #
#.....@....J..
#####.######## #.. ###


You could see a jelly and 2 electric eels.

Vanquished Creatures
  A queen bee (D:8)
  Sigmund (D:2)
  3 sky beasts
  An orc warrior (D:7)
  A phantom (D:5)
  3 ogres
  3 centaurs
  6 bullfrogs
  7 killer bees (D:8)
  6 crimson imps
  3 howler monkeys
  A centaur zombie (D:6)
  3 jellies
  An orc priest (D:6)
  8 hounds
  2 iguanas
  2 bullfrog skeletons
  A centaur skeleton (D:4)
  4 orc wizards
  Terence (D:2)
  6 worker ants
  A hound zombie (D:5)
  A howler monkey zombie (D:8)
  6 adders
  A shadow imp (D:5)
  4 oozes
  2 adder skeletons
  An adder zombie (D:8)
  3 dart slugs
  5 worms (D:2)
  4 leopard geckos
  20 orcs
  11 bats
  6 giant cockroaches
  7 goblins
  13 hobgoblins
  6 jackals
  2 quokkas (D:8)
  3 ball pythons
  8 frilled lizards
  A jackal skeleton (D:5)
  8 kobolds
  A quokka zombie (D:6)
  3 rats
181 creatures vanquished.

Vanquished Creatures (others)
  A two-headed ogre (D:6)
  A quokka (D:4)
  A bush (D:8)
3 creatures vanquished.

Grand Total: 184 creatures vanquished

Notes
Turn   | Place    | Note
-------+----------+-------------------------------------------
     0 | Abyss:1  | Gargoyl the Centaur Abyssal Knight began the quest for the
                  | Orb.
     0 | Abyss:1  | Reached XP level 1. HP: 19/19 MP: 2/2
    51 | Abyss:2  | Noticed a small abomination
    78 | Abyss:2  | Noticed an iron imp
    93 | Abyss:2  | Found a corrupted altar of Lugonu.
    97 | Abyss:2  | Noticed a large abomination
    99 | D:1      | Escaped the Abyss
   330 | D:1      | Reached * piety under Lugonu
   375 | D:1      | Reached XP level 2. HP: 25/26 MP: 3/3
   600 | D:1      | Reached skill level 2 in Axes
   882 | D:1      | Reached skill level 1 in Dodging
  1108 | D:2      | Reached XP level 3. HP: 31/31 MP: 4/4
  1157 | D:2      | Reached XP level 4. HP: 37/38 MP: 5/5
  1251 | D:2      | Noticed Terence
  1279 | D:2      | Killed Terence
  1457 | D:2      | Reached ** piety under Lugonu
  1462 | D:2      | Found a snail-covered altar of Cheibriados.
  1725 | D:2      | Reached XP level 5. HP: 45/45 MP: 7/7
  2202 | D:2      | Noticed Sigmund
  2210 | D:2      | Killed Sigmund
  2210 | D:2      | Reached skill level 3 in Axes
  2210 | D:2      | Reached XP level 6. HP: 30/52 MP: 8/8
  2486 | D:2      | Found a hazy altar of Hepliaklqana.
  2668 | D:3      | You fall into a shaft and drop 2 floors!
  2668 | D:5      | Entered Level 5 of the Dungeon
  3160 | D:5      | Reached skill level 4 in Axes
  3187 | D:4      | Reached XP level 7. HP: 49/59 MP: 9/9
  3319 | D:4      | Found Imoozud's Weapon Shoppe.
  3394 | D:3      | Found a basalt altar of Yredelemnul.
  3524 | D:3      | Found a faded altar of an unknown god.
  3947 | D:4      | Found a white marble altar of Elyvilon.
  4004 | D:4      | Found a bloodstained altar of Trog.
  4017 | D:4      | Reached *** piety under Lugonu
  4431 | D:4      | Found a sparkling altar of Nemelex Xobeh.
  4431 | D:4      | Found an opulent altar of Gozag.
  4595 | D:4      | Found a staircase to the Ecumenical Temple.
  4624 | D:4      | Found a shattered altar of Ashenzari.
  5100 | D:4      | Found an ancient bone altar of Kikubaaqudgha.
  5114 | D:4      | Found a stormy altar of Qazlal.
  5178 | D:4      | Found a shimmering blue altar of Sif Muna.
  5229 | D:5      | Found a shimmering altar of Xom.
  5241 | D:5      | Reached XP level 8. HP: 63/67 MP: 11/11
  5333 | D:5      | Reached skill level 5 in Axes
  5363 | D:5      | Found a shadowy altar of Dithmenos.
  5737 | D:5      | Reached skill level 5 in Invocations
  6050 | D:6      | Noticed a two-headed ogre
  6053 | D:6      | Reached **** piety under Lugonu
  6053 | D:6      | Banished a two-headed ogre
  6123 | D:6      | Found a hide-covered altar of Uskayaw.
  6140 | D:6      | Reached skill level 6 in Axes
  6414 | D:6      | Reached XP level 9. HP: 69/73 MP: 13/13
  6697 | D:6      | Reached skill level 5 in Fighting
  7015 | D:7      | Found a radiant altar of Vehumet.
  7236 | D:7      | Reached skill level 5 in Armour
  7403 | D:7      | Reached skill level 7 in Axes
  8346 | D:8      | Reached ***** piety under Lugonu
  8346 | D:8      | Noticed a queen bee
  8360 | D:8      | Killed a queen bee
  8360 | D:8      | Reached skill level 1 in Shields
  8761 | D:8      | Killed from afar by an electric eel

Levels and vault maps discovered:
D:1:      sevenhm_arrival_forest_fort_small_3, layout_basic,
          hangedman_abyss_or_decor_stabs, minmay_misc_feat_square
D:2:      layout_basic, lemuel_crystal_altar, kennysheep_slug_shrine,
          uniq_terence, uniq_sigmund
D:3:      layout_basic, lemuel_round_altar, chequers_ecumenical_altar_grove,
          first_ration, grunt_ministairs_9,
          wander_ebering_terrifying_dragon_lair
D:4:      corexii_shack_village, layout_loops_ring,
          grunt_temple_overflow_opulence, kennysheep_mini_moat, minitemple,
          bloody_trog, lemuel_round_altar, minmay_temple_entry_steel_oval,
          serial_shops, nicolae_shop_trees, elyvilon_altar_4
D:5:      layout_loops_cross, nicolae_overflow_crystal_walls, lemuel_round_altar
D:6:      layout_basic, eat_drink_and_be_merry_uskayaw
D:7:      layout_basic, old_standard_altar
D:8:      layout_basic, david_nohive_1, minmay_fountain_box, grunt_ministairs_2,
          minmay_misc_feat_ornament, minivault_14, kennysheep_decorative_pillar,
          kb_lookout_dungeons_type, guppyfry_early_elven_hall

Skill      XL: |  1  2  3  4  5  6  7  8  9 |
---------------+----------------------------+-----
Axes           | 2 3 4 6 7 |  7.5
Dodging        | 1 2 3 4 |  4.1
Armour         | 2 3 4 5 |  5.6
Invocations    | 3 4 5 6 |  6.5
Fighting       | 4 5 |  5.4
Shields        | 1 |  1.0
Evocations     | |  0.3

Action                   |  1- 3 |  4- 6 |  7- 9 || total
-------------------------+-------+-------+-------++-------
Melee: Hand axe          |    60 |   180 |   223 ||   463
       Kick              |    11 |    36 |   121 ||   168
       War axe           |       |       |   218 ||   218
Invok: Depart the Abyss  |     1 |       |       ||     1
       Banish            |       |       |     1 ||     1
Evoke: Wand              |       |       |     7 ||     7
  Use: Scroll            |     8 |     1 |    10 ||    19
       Potion            |       |     1 |     3 ||     4
  Eat: Chunk             |       |     6 |    10 ||    16
       Ration            |       |       |     1 ||     1
Armor: Leather armour    |     5 |       |       ||     5
       Ring mail         |    24 |    97 |   151 ||   272
       Plate armour      |       |       |    93 ||    93
       Skin              |       |       |    28 ||    28
Dodge: Dodged            |    43 |    86 |   138 ||   267
Block: Large shield      |       |       |    83 ||    83

Table legend:
 A = Non-vault XP
 B = Vault XP
 C = Vault XP percentage of total XP
 D = Non-vault monster count
 E = Vault monster count
 F = Vault count percentage of total count
                 A         B        C        D         E       F
            +---------+---------+-------+---------+---------+-------
      Total |    4085 |    1192 |  22.6 |     155 |      27 |  14.8
            +---------+---------+-------+---------+---------+-------
        D:1 |      38 |       0 |   0.0 |      22 |       0 |   0.0
        D:2 |     162 |     271 |  62.6 |      33 |       3 |   8.3
        D:3 |      18 |       3 |  14.3 |       9 |       3 |  25.0
        D:4 |     581 |      26 |   4.3 |      24 |      11 |  31.4
        D:5 |     941 |       0 |   0.0 |      18 |       0 |   0.0
        D:6 |    1226 |       0 |   0.0 |      21 |       0 |   0.0
        D:7 |     626 |       0 |   0.0 |      13 |       0 |   0.0
        D:8 |     493 |     892 |  64.4 |      15 |      10 |  40.0
            +---------+---------+-------+---------+---------+-------
